[Event "FIDE World Chess Grand Prix 2017"]
[Site "Sharjah"]
[Date "2017.02.18"]
[Round "1"]
[White "Ding, Liren"]
[Black "Rapport, Richard"]
[Result "0-1"]
[ECO "E16"]
[WhiteElo "2760"]
[BlackElo "2692"]
[Annotator ""]
[PlyCount "80"]
[EventDate "2017.??.??"]
[EventType "swiss"]
[EventCountry "UAE"]
[SourceTitle "playchess.com"]
[Source "ChessBase"]
[SourceQuality "1"]
[TimeControl "40/6000+30:20/3000+30:900+30"]

1. d4 {(:00)} Nf6 {(:14)} 2. c4 {(:00)} e6 {(
00:06)} 3. Nf3 {(:00)} b6 {(:32)} 4. g3 {(:15)} Bb7
{(:06)} 5. Bg2 {(:09)} Bb4+ {(2:35)} 6. Bd2 {(
02:04)} a5 {(:04)} 7. O-O {(:11)} O-O {(:12)} 8. Bf4
{(4:16)} Be7 {(:11)} 9. Nc3 {(:50)} Ne4 {(:
29)} 10. Qd3 {(:19)} Nxc3 {(1:23)} 11. bxc3 {(:09)}
Qc8 {(1:02)} 12. e4 {(5:39)} d6 {(:33)} 13. Rfe1 {
(08:45)} Nd7 {(:32)} 14. Rad1 {(:31)} a4 {(1:
23)} 15. h4 {(7:45)} Ra5 {(1:25)} 16. Bc1 {(1:37)} Re8
{(6:40)} 17. Nh2 {(3:20)} Qa8 {(7:58)} 18. Nf1 {
(13:07)} Nf6 {(4:53)} 19. d5 {(9:14)} Bf8 {(5:
59)} 20. Ne3 {(1:36)} a3 {(7:24)} 21. f4 {(3:38)} Ra4 {
(02:28)} 22. e5 {(2:48)} Nd7 {(14:35)} 23. h5 {(
00:49)} Nc5 {(3:49)} 24. Qf1 {(4:54)} h6 {(1:32)} 25.
Rd4 {(10:32)} Qa5 {(3:52)} 26. Bd2 {(3:53)} exd5 {
(06:45)} 27. Nxd5 {(3:17)} c6 {(7:26)} 28. Nb4 {(
09:10)} Qa8 {(7:13)} 29. exd6 {(1:11)} Rd8 {(:08)} 30.
f5 {(2:16)} Nd7 {(:16)} 31. Rd3 {(5:36)} Nf6 {(
02:49)} 32. Bf4 {(:04)} Ra5 {(1:23)} 33. Qf3 {(2:34)}
Rxf5 {(:27)} 34. Nxc6 {(2:08)} Rxd6 {(4:22)} 35. Rxd6
{(:36)} Bxd6 {(:13)} 36. Ne7+ {(:04)} Bxe7 {(
00:09)} 37. Qxb7 {(:05)} Bc5+ {(:42)} 38. Kf1 {(:03)
} Qxb7 {(3:26)} 39. Bxb7 {(:05)} Nxh5 {(:14)} 40.
Re8+ {(1:35)} Bf8 {(54:40)} 0-1

[Event "FIDE World Chess Grand Prix 2017"]
[Site "Sharjah"]
[Date "2017.02.18"]
[Round "1"]
[White "Grischuk, Alexander"]
[Black "Hammer, Jon Ludvig"]
[Result "1/2-1/2"]
[ECO "A20"]
[WhiteElo "2742"]
[BlackElo "2628"]
[Annotator ""]
[PlyCount "81"]
[EventDate "2017.??.??"]
[EventType "swiss"]
[EventCountry "UAE"]
[SourceTitle "playchess.com"]
[Source "ChessBase"]
[SourceQuality "1"]
[TimeControl "40/6000+30:20/3000+30:900+30"]

1. c4 {(:00)} e5 {(:08)} 2. d3 {(:00)} Bb4+ {
(04:33)} 3. Nd2 {(:20)} Nf6 {(8:15)} 4. Ngf3 {(
02:40)} Bd6 {(1:35)} 5. a3 {(18:52)} O-O {(8:18)} 6. e3
{(2:56)} Re8 {(17:30)} 7. Qc2 {(9:35)} Bf8 {(8:
26)} 8. b4 {(18:22)} d6 {(26:17)} 9. Bb2 {(2:19)} a5 {
(03:17)} 10. Be2 {(13:15)} Na6 {(2:20)} 11. Qb3 {(
11:09)} Bf5 {(1:15)} 12. O-O {(2:14)} h6 {(:06)} 13.
Bc3 {(1:50)} c6 {(1:23)} 14. Qb2 {(2:49)} Nd7 {(
14:24)} 15. Nb3 {(4:46)} a4 {(2:58)} 16. Nbd2 {(8:36)}
Nc7 {(:02)} 17. Rfe1 {(:40)} Bh7 {(1:25)} 18. Rad1 {
(00:36)} b6 {(2:05)} 19. Ne4 {(3:47)} f5 {(2:49]
} 20. Ng3 {(:19)} c5 {(:48)} 21. Nd2 {(1:12)} Rb8 {
(02:31)} 22. Bh5 {(2:39)} Re7 {(:02)} 23. Bf3 {(
00:45)} b5 {(1:00)} 24. Qc2 {(1:19)} Kh8 {(:17)} 25.
Bc6 {(:27)} Rb6 {(:34)} 26. cxb5 {(:20)} Nxb5 {
(00:10)} 27. Bxb5 {(:04)} Rxb5 {(:19)} 28. Qxa4 {
(00:08)} Rb8 {(:59)} 29. Qc6 {(1:47)} Re8 {(:
43)} 30. Nc4 {(:33)} Qc8 {(:30)} 31. Qf3 {(:34)} d5
{(:27)} 32. Qxd5 {(:18)} Nf6 {(:26)} 33. Qf3 {
(00:11)} e4 {(:16)} 34. dxe4 {(:54)} cxb4 {(:
15)} 35. Bxf6 {(:30)} Qxc4 {(:06)} 36. Ba1 {(:39)}
fxe4 {(:58)} 37. Qf4 {(:33)} bxa3 {(:56)} 38. Qxh6 {
(00:20)} Kg8 {(:09)} 39. Qf4 {(:33)} Rb7 {(:
54)} 40. Rc1 {(:35)} Qe6 {(50:31)} 41. Ne2 {(8:17)}
1/2-1/2

[Event "FIDE World Chess Grand Prix 2017"]
[Site "Sharjah"]
[Date "2017.02.18"]
[Round "1"]
[White "Hou, Yifan"]
[Black "Nepomniachtchi, Ian"]
[Result "1/2-1/2"]
[ECO "B90"]
[WhiteElo "2651"]
[BlackElo "2749"]
[Annotator ""]
[PlyCount "90"]
[EventDate "2017.??.??"]
[EventType "swiss"]
[EventCountry "UAE"]
[SourceTitle "playchess.com"]
[Source "ChessBase"]
[SourceQuality "1"]
[TimeControl "40/6000+30:20/3000+30:900+30"]

1. e4 {(:00)} c5 {(:15)} 2. Nf3 {(:00)} d6 3. d4 {
(00:17)} cxd4 {(:39)} 4. Nxd4 {(:30)} Nf6 {(:
00)} 5. Nc3 {(:00)} a6 {(:00)} 6. h3 {(:03)} e5 {
(00:20)} 7. Nde2 {(:08)} h5 {(:15)} 8. g3 {(:
43)} Nbd7 {(3:03)} 9. Bg5 {(1:36)} Be7 {(:46)} 10. a4
{(1:04)} b6 {(:41)} 11. Bg2 {(:08)} Bb7 {(:
15)} 12. O-O {(21:25)} Rc8 {(:47)} 13. h4 {(:08)} O-O
{(6:53)} 14. Qd2 {(5:11)} Rc7 {(1:32)} 15. Rfe1 {
(03:53)} Qa8 {(1:47)} 16. Nc1 {(5:45)} Rfc8 {(4:
41)} 17. N1a2 {(7:16)} Rc4 {(3:12)} 18. b3 {(10:35)} Rd4
{(8:48)} 19. Qe2 {(7:05)} Nc5 {(:16)} 20. Bxf6 {
(06:44)} Bxf6 {(1:08)} 21. Rad1 {(:12)} g6 {(1:
46)} 22. Nd5 {(11:35)} Bxd5 {(:55)} 23. Rxd4 {(1:41)}
exd4 {(1:29)} 24. exd5 {(:06)} d3 {(1:58)} 25. Qf3 {
(00:13)} Kg7 {(1:42)} 26. Nb4 {(4:05)} dxc2 {(3:
13)} 27. Rc1 {(2:37)} Re8 {(1:39)} 28. Nxc2 {(1:02)}
Re7 {(1:42)} 29. Nb4 {(6:24)} Qe8 {(:28)} 30. Kf1 {
(00:05)} Ne4 {(2:28)} 31. Qd3 {(3:44)} Nc5 {(5:
18)} 32. Qc2 {(1:26)} Qd7 {(:00)} 33. Nc6 {(1:10)} Re8
{(4:59)} 34. b4 {(:13)} Nb7 {(:04)} 35. Re1 {(
05:47)} Rxe1+ {(:13)} 36. Kxe1 {(:03)} a5 {(:05)}
37. bxa5 {(:12)} bxa5 {(:14)} 38. Kf1 {(:47)} Qc7 {
(00:37)} 39. Bf3 {(2:01)} Qb6 {(1:00)} 40. Kg2 {(
01:30)} Qb2 {(52:49)} 41. Qxb2 {(50:08)} Bxb2 {(:07)}
42. Bd1 {(:00)} Ba3 {(:00)} 43. Be2 {(:00)} Nc5 {
(00:00)} 44. Bd1 {(:00)} Nb7 {(:00)} 45. Be2 {(
00:00)} Nc5 {(:00)} 1/2-1/2

[Event "FIDE World Chess Grand Prix 2017"]
[Site "Sharjah"]
[Date "2017.02.18"]
[Round "1"]
[White "Nakamura, Hikaru"]
[Black "Jakovenko, Dmitry"]
[Result "1/2-1/2"]
[ECO "A16"]
[WhiteElo "2785"]
[BlackElo "2709"]
[Annotator ""]
[PlyCount "120"]
[EventDate "2017.??.??"]
[EventType "swiss"]
[EventCountry "UAE"]
[SourceTitle "playchess.com"]
[Source "ChessBase"]
[SourceQuality "1"]
[TimeControl "40/6000+30:20/3000+30:900+30"]

1. c4 {(:00)} Nf6 {(:09)} 2. Nc3 {(:00)} c5 {
(00:07)} 3. Nf3 {(:10)} e6 {(:12)} 4. g3 {(:
05)} b6 {(:09)} 5. Bg2 {(:19)} Bb7 {(:06)} 6. d4 {
(00:37)} cxd4 {(3:39)} 7. Qxd4 {(:07)} Be7 {(:
15)} 8. O-O {(:14)} O-O {(1:54)} 9. Rd1 {(1:49)} d6 {
(00:40)} 10. b3 {(:22)} Nbd7 {(2:17)} 11. Ba3 {(
00:19)} Nc5 {(:24)} 12. b4 {(:08)} Ncd7 {(:06)} 13.
Rac1 {(:30)} a6 {(16:23)} 14. Nd2 {(49:43)} Bxg2 {
(01:17)} 15. Kxg2 {(:05)} Qc7 {(1:28)} 16. Nde4 {
(03:54)} Rfc8 {(7:19)} 17. Nxd6 {(9:49)} Bxd6 {(
01:04)} 18. Qxd6 {(:16)} Qxd6 {(10:19)} 19. Rxd6 {(:
16)} Rxc4 {(:10)} 20. Na4 {(:27)} Rxc1 {(4:02)} 21.
Bxc1 {(:12)} b5 {(:08)} 22. Nc5 {(4:13)} Nxc5 {
(00:10)} 23. bxc5 {(:04)} Kf8 {(2:46)} 24. f3 {(
10:15)} Ke8 {(15:29)} 25. Bb2 {(6:15)} Rc8 {(21:52)} 26.
Rxa6 {(1:33)} Rxc5 {(:04)} 27. Kf2 {(1:15)} Rc2 {
(00:25)} 28. Be5 {(1:05)} Rc5 {(2:02)} 29. Ra8+ {
(01:30)} Kd7 {(2:06)} 30. Ra7+ {(:07)} Ke8 {(:
03)} 31. Ra8+ {(4:10)} Kd7 {(:04)} 32. Ra7+ {(:08)}
Ke8 {(:02)} 33. Bd6 {(2:54)} Rc6 {(:10)} 34. Ra8+ {
(01:30)} Kd7 {(:06)} 35. Bf8 {(:02)} g6 {(3:
23)} 36. Rb8 {(4:11)} Ra6 {(10:18)} 37. a3 {(4:39)} Kc6
{(:10)} 38. Bb4 {(:54)} Nd5 {(4:45)} 39. Rc8+ {
(00:07)} Kb6 {(:28)} 40. Rh8 {(3:58)} h5 {(51:
28)} 41. Rf8 {(50:57)} Ra7 {(1:51)} 42. h4 {(:00)} Kc6
{(:00)} 43. e4 {(:00)} Nxb4 {(:00)} 44. axb4 {
(00:00)} Kd6 {(:00)} 45. Rb8 {(:00)} Ra2+ {(:
00)} 46. Kg1 {(:00)} Ra1+ {(:00)} 47. Kg2 {(:00)}
Ra2+ {(:00)} 48. Kh3 {(:00)} Rf2 {(:00)} 49. f4 {
(00:00)} Re2 {(:00)} 50. Rxb5 {(:00)} Ke7 {(:
00)} 51. e5 {(:00)} Kf8 {(:00)} 52. Rb8+ {(:00)} Kg7
{(:00)} 53. b5 {(:00)} Rb2 {(:00)} 54. Rb7 {(
00:00)} Kg8 {(:00)} 55. Rb6 {(:00)} Kh7 {(:00)} 56.
Rb8 {(:00)} Kg7 {(:00)} 57. b6 {(:00)} Kh7 {(
00:00)} 58. Rb7 {(:00)} Kg7 {(:00)} 59. Rb8 {(:00)}
Kh7 {(:00)} 60. Rf8 {(:00)} Kg7 {(:00)} 1/2-1/2

[Event "FIDE World Chess Grand Prix 2017"]
[Site "Sharjah"]
[Date "2017.02.18"]
[Round "1"]
[White "Riazantsev, Alexander"]
[Black "Eljanov, Pavel"]
[Result "1/2-1/2"]
[ECO "A40"]
[WhiteElo "2671"]
[BlackElo "2759"]
[Annotator ""]
[PlyCount "63"]
[EventDate "2017.??.??"]
[EventType "swiss"]
[EventCountry "UAE"]
[SourceTitle "playchess.com"]
[Source "ChessBase"]
[SourceQuality "1"]
[TimeControl "40/6000+30:20/3000+30:900+30"]

1. d4 {(:00)} Nf6 {(:11)} 2. c4 {(:00)} e6 {(
00:05)} 3. g3 {(:02)} Bb4+ {(2:35)} 4. Nd2 {(1:29)} c5
{(3:34)} 5. a3 {(1:04)} Bxd2+ {(:07)} 6. Qxd2 {
(00:05)} cxd4 {(:44)} 7. Nf3 {(2:42)} b6 {(1:
04)} 8. b4 {(2:53)} Bb7 {(1:15)} 9. Qxd4 {(4:10)} Nc6 {
(01:22)} 10. Qf4 {(:41)} a5 {(12:56)} 11. b5 {(
04:08)} Ne7 {(:16)} 12. Bb2 {(2:40)} Ng6 {(1:46)} 13.
Qe3 {(:49)} d6 {(8:14)} 14. Bg2 {(:51)} O-O {(
02:13)} 15. O-O {(:14)} e5 {(2:07)} 16. a4 {(14:25)}
Qc7 {(3:32)} 17. Rfd1 {(:24)} Rfd8 {(3:53)} 18. Rac1 {
(19:27)} Nf8 {(26:36)} 19. Ba3 {(6:10)} Ne6 {(1:
13)} 20. Bh3 {(:11)} Ne4 {(8:19)} 21. Bxe6 {(8:57)}
fxe6 {(:04)} 22. Ng5 {(:05)} Nxg5 {(:05)} 23. Qxg5 {
(00:03)} Rd7 {(3:34)} 24. Rd2 {(10:35)} Rf8 {(6:
44)} 25. Qe3 {(9:39)} Ba8 {(4:46)} 26. f3 {(2:45)} h6 {
(02:58)} 27. Rcd1 {(2:59)} Rfd8 {(2:00)} 28. Rc1 {
(04:13)} Qb8 {(1:36)} 29. Bb2 {(2:21)} Qc7 {(:
46)} 30. Ba3 {(1:42)} Qb8 {(:12)} 31. Bb2 {(:30)} Qc7
{(:04)} 32. Ba3 {(2:04)} 1/2-1/2

[Event "FIDE World Chess Grand Prix 2017"]
[Site "Sharjah"]
[Date "2017.02.18"]
[Round "1"]
[White "Tomashevsky, Evgeny"]
[Black "Aronian, Levon"]
[Result "1/2-1/2"]
[ECO "C50"]
[WhiteElo "2711"]
[BlackElo "2785"]
[Annotator ""]
[PlyCount "44"]
[EventDate "2017.??.??"]
[EventType "swiss"]
[EventCountry "UAE"]
[SourceTitle "playchess.com"]
[Source "ChessBase"]
[SourceQuality "1"]
[TimeControl "40/6000+30:20/3000+30:900+30"]

1. e4 {(:00)} e5 {(:06)} 2. Nf3 {(:00)} Nc6 {
(00:05)} 3. Bc4 {(:00)} Bc5 {(:05)} 4. d3 {(:
00)} Nf6 {(:05)} 5. Bg5 {(:09)} h6 {(:53)} 6. Bh4 {
(00:10)} Be7 {(:12)} 7. Bg3 {(1:03)} d6 {(:13]
} 8. a4 {(:08)} O-O {(1:52)} 9. O-O {(4:08)} Kh8 {
(00:37)} 10. c3 {(16:20)} Nh7 {(:36)} 11. Nbd2 {(
17:10)} f5 {(:56)} 12. exf5 {(:19)} Bxf5 {(:06)} 13.
a5 {(:08)} a6 {(1:19)} 14. Re1 {(6:05)} Ng5 {(
02:00)} 15. Qb3 {(5:59)} Rb8 {(1:17)} 16. Nxg5 {(8:21)}
Bxg5 {(:54)} 17. Ne4 {(:14)} Bh4 {(:36)} 18. Be6 {
(02:38)} Bh7 {(3:15)} 19. Bg4 {(3:08)} Na7 {(13:
13)} 20. Qd1 {(8:12)} Nb5 {(3:08)} 21. Qe2 {(2:00)} c5
{(20:37)} 22. Bf3 {(3:42)} Rc8 {(7:55)} 1/2-1/2

[Event "FIDE World Chess Grand Prix 2017"]
[Site "Sharjah"]
[Date "2017.02.18"]
[Round "1"]
[White "Vachier-Lagrave, Maxime"]
[Black "Li, Chao b"]
[Result "1-0"]
[ECO "C42"]
[WhiteElo "2796"]
[BlackElo "2720"]
[Annotator ""]
[PlyCount "99"]
[EventDate "2017.??.??"]
[EventType "swiss"]
[EventCountry "UAE"]
[SourceTitle "playchess.com"]
[Source "ChessBase"]
[SourceQuality "1"]
[TimeControl "40/6000+30:20/3000+30:900+30"]

1. e4 {(:00)} e5 {(:12)} 2. Nf3 {(:00)} Nf6 {
(00:11)} 3. Nxe5 {(:00)} d6 {(:11)} 4. Nf3 {(
00:02)} Nxe4 {(:09)} 5. d4 {(:02)} d5 {(:21)} 6. Bd3
{(:04)} Bd6 {(:23)} 7. O-O {(:10)} O-O {(:
12)} 8. c4 {(:05)} c6 {(:12)} 9. Nc3 {(:47)} Nxc3 {
(05:12)} 10. bxc3 {(:08)} dxc4 {(:09)} 11. Bxc4 {
(00:06)} Bf5 {(:13)} 12. Ne5 {(2:51)} Bxe5 {(10:
44)} 13. dxe5 {(:23)} Qe7 {(:22)} 14. Re1 {(5:02)}
Nd7 {(3:16)} 15. Qf3 {(10:22)} g6 {(39:54)} 16. Qg3 {
(04:46)} Rfe8 {(1:49)} 17. Bf4 {(2:34)} Qc5 {(3:
06)} 18. Bb3 {(8:32)} a5 {(:56)} 19. a4 {(7:27)} b5 {
(06:41)} 20. h4 {(5:31)} Be6 {(8:20)} 21. Bc2 {(
10:34)} b4 {(:28)} 22. Bd3 {(2:21)} b3 {(6:17)} 23. h5
{(1:14)} Nf8 {(:13)} 24. Bh6 {(7:51)} b2 {(7:
10)} 25. Rab1 {(12:00)} Rab8 {(:09)} 26. Qf4 {(4:34)}
Nd7 {(2:53)} 27. Qg5 {(1:43)} Qe7 {(3:32)} 28. Qxe7 {
(00:22)} Rxe7 {(:05)} 29. Re2 {(:16)} Ree8 {(
05:31)} 30. Rexb2 {(3:55)} Rxb2 31. Rxb2 {(:06)} Nxe5 {
(00:10)} 32. Be2 {(1:35)} gxh5 {(:16)} 33. f3 {(
02:21)} Nd7 {(3:38)} 34. Rb7 {(1:54)} Nc5 {(1:29)} 35.
Ra7 {(:06)} Nb3 {(2:14)} 36. g3 {(2:17)} Bd5 {(
00:55)} 37. Kf2 {(:08)} Rb8 {(:42)} 38. Bf1 {(3:02)}
Be6 {(:26)} 39. Bd3 {(3:27)} Bd5 {(:45)} 40. Bf5 {
(01:41)} Re8 {(50:30)} 41. Bc2 {(53:25)} c5 {(:
00)} 42. Rc7 {(:00)} c4 {(:00)} 43. Bf5 {(:00)} Rb8
{(:00)} 44. Bd7 {(:00)} f6 {(:00)} 45. Bb5 {(
00:00)} Bf7 {(:00)} 46. Rc6 {(:00)} Na1 {(:00)} 47.
Ra6 {(:00)} Nc2 {(:00)} 48. Rxa5 {(:00)} Na3 {
(00:00)} 49. Bc6 {(:00)} Nb1 {(:00)} 50. Rb5 {(
00:00)} 1-0

[Event "FIDE World Chess Grand Prix 2017"]
[Site "Sharjah"]
[Date "2017.02.18"]
[Round "1"]
[White "Vallejo Pons, Francisco"]
[Black "Mamedyarov, Shakhriyar"]
[Result "1/2-1/2"]
[ECO "A06"]
[WhiteElo "2709"]
[BlackElo "2766"]
[Annotator ""]
[PlyCount "46"]
[EventDate "2017.??.??"]
[EventType "swiss"]
[EventCountry "UAE"]
[SourceTitle "playchess.com"]
[Source "ChessBase"]
[SourceQuality "1"]
[TimeControl "40/6000+30:20/3000+30:900+30"]

1. Nf3 {(:00)} d5 {(:28)} 2. g3 {(:00)} c6 {(
00:15)} 3. Bg2 {(:37)} Bg4 {(:21)} 4. d4 {(5:15)} Nd7
{(1:40)} 5. c4 {(3:04)} e6 {(2:54)} 6. Qb3 {(4:
58)} Qb6 {(2:47)} 7. O-O {(8:05)} Ngf6 {(:34)} 8. c5 {
(08:46)} Qa6 {(7:46)} 9. Bf4 {(1:51)} Be7 {(1:
17)} 10. Rc1 {(5:27)} O-O {(:30)} 11. Bf1 {(2:49)} Nh5
{(24:19)} 12. Bd2 {(7:02)} b6 {(3:08)} 13. h3 {(
17:28)} Bxf3 {(:31)} 14. exf3 {(:52)} Qb7 {(:07)}
15. f4 {(3:40)} g6 {(4:30)} 16. Be3 {(5:33)} Ng7 {
(00:50)} 17. Nd2 {(7:43)} a5 {(4:49)} 18. cxb6 {(
05:08)} a4 {(:20)} 19. Qc3 {(1:28)} Rfc8 {(:53)} 20.
b4 {(2:19)} axb3 {(15:42)} 21. axb3 {(:09)} Rxa1 {
(01:05)} 22. Qxa1 {(3:09)} Ra8 {(:08)} 23. Qc3 {
(01:03)} Rc8 {(:03)} 1/2-1/2

[Event "FIDE World Chess Grand Prix 2017"]
[Site "Sharjah"]
[Date "2017.02.19"]
[Round "2"]
[White "Aronian, Levon"]
[Black "Adams, Michael"]
[Result "1/2-1/2"]
[ECO "C54"]
[WhiteElo "2785"]
[BlackElo "2751"]
[Annotator ""]
[PlyCount "47"]
[EventDate "2017.??.??"]
[EventType "swiss"]
[EventCountry "UAE"]
[SourceTitle "playchess.com"]
[Source "ChessBase"]
[SourceQuality "1"]
[TimeControl "40/6000+30:20/3000+30:900+30"]

1. e4 {()} e5 {(7)} 2. Nf3 {()} Nc6 {
(00:04)} 3. Bc4 {(14)} Bc5 {(9)} 4. c3 {(
00)} Nf6 {(12)} 5. d3 {()} d6 {(1:21)} 6. O-O {
(00:07)} h6 {(15)} 7. Re1 {(30)} O-O {(48)
} 8. h3 {(37)} Re8 {(11:45)} 9. Nbd2 {(39)} a6 {
(02:44)} 10. Nf1 {(1:16)} b5 {(7:14)} 11. Bb3 {(
01:34)} Bb6 {(14)} 12. Ng3 {(5:00)} Be6 {(2:19)} 13.
Bc2 {(7:27)} d5 {(3:09)} 14. exd5 {(35)} Bxd5 {
(03:59)} 15. Be3 {(59)} Qd7 {(6:12)} 16. a3 {(
03:29)} Rad8 {(1:24)} 17. Bxb6 {(12:51)} cxb6 {(4)}
18. Qe2 {(30)} Qc7 {(4:34)} 19. Rad1 {(2:43)} g6 {
(10:55)} 20. Rd2 {(3:52)} Kg7 {(3:40)} 21. Qd1 {(
00:51)} Re6 {(7:24)} 22. Re3 {(15:47)} a5 {(3:59)} 23.
Qe1 {(10:13)} b4 {(5:31)} 24. axb4 {(2:49)} 1/2-1/2

[Event "FIDE World Chess Grand Prix 2017"]
[Site "Sharjah"]
[Date "2017.02.19"]
[Round "2"]
[White "Eljanov, Pavel"]
[Black "Vallejo Pons, Francisco"]
[Result "1/2-1/2"]
[ECO "C42"]
[WhiteElo "2759"]
[BlackElo "2709"]
[Annotator ""]
[PlyCount "76"]
[EventDate "2017.??.??"]
[EventType "swiss"]
[EventCountry "UAE"]
[SourceTitle "playchess.com"]
[Source "ChessBase"]
[SourceQuality "1"]
[TimeControl "40/6000+30:20/3000+30:900+30"]

1. e4 {()} e5 {(32)} 2. Nf3 {()} Nf6 {
(00:09)} 3. Nxe5 {(1:22)} d6 {(30)} 4. Nf3 {(
00:05)} Nxe4 {(9)} 5. Nc3 {(8)} Nxc3 {(12)} 6.
dxc3 {(3)} Be7 {(11)} 7. Be3 {(15)} O-O {
(00:42)} 8. Qd2 {(2:41)} b6 {(22)} 9. O-O-O {(
07:40)} Bb7 {(7)} 10. h4 {(6:29)} Nd7 {(37)} 11.
Nd4 {(4:05)} a6 {(7:32)} 12. Bg5 {(9:52)} Nc5 {(
12:06)} 13. f3 {(22)} Re8 {(10:59)} 14. Rh3 {(4:38)}
Bf6 {(8:39)} 15. g4 {(4:51)} Ne6 {(15:16)} 16. f4 {
(14:47)} Nxd4 {(10:55)} 17. cxd4 {(13)} Bd5 {(
03:23)} 18. a3 {(14:28)} c6 {(6:24)} 19. f5 {(6:10)} b5
{(4:51)} 20. Bd3 {(4:34)} Bc4 {(2:14)} 21. Bf4 {
(08:23)} Bxd3 {(56)} 22. Qxd3 {(3:51)} c5 {(10:
03)} 23. dxc5 {(2:44)} dxc5 {(2)} 24. g5 {(13)}
Qd4 {(1:07)} 25. Qxd4 {(5:14)} Bxd4 {(8)} 26. c3 {
(01:59)} Be5 {(40)} 27. Be3 {(49)} c4 {(1:
14)} 28. Kc2 {(1:55)} Rad8 {(2:17)} 29. Rxd8 {(1:14)}
Rxd8 {(1)} 30. Bf2 {(1:10)} Rd5 {(6:37)} 31. Re3 {
(00:38)} Kf8 {(1:28)} 32. b3 {(4:30)} Bf4 {(2:
57)} 33. Rf3 {(24)} Rd2+ {(1:16)} 34. Kb1 {(4)}
Rd1+ {(21)} 35. Kc2 {(11)} Rd2+ {(3)} 36. Kb1 {
(00:04)} Rd1+ {(1:47)} 37. Kc2 {(5)} Rd2+ {(
00:03)} 38. Kb1 {(11)} Rd1+ {(1:47)} 1/2-1/2

[Event "FIDE World Chess Grand Prix 2017"]
[Site "Sharjah"]
[Date "2017.02.19"]
[Round "2"]
[White "Hammer, Jon Ludvig"]
[Black "Nakamura, Hikaru"]
[Result "1/2-1/2"]
[ECO "E18"]
[WhiteElo "2628"]
[BlackElo "2785"]
[Annotator ""]
[PlyCount "46"]
[EventDate "2017.??.??"]
[EventType "swiss"]
[EventCountry "UAE"]
[SourceTitle "playchess.com"]
[Source "ChessBase"]
[SourceQuality "1"]
[TimeControl "40/6000+30:20/3000+30:900+30"]

1. d4 {()} Nf6 {(8)} 2. c4 {(12)} e6 {(
00:06)} 3. Nf3 {(9)} b6 {(4)} 4. g3 {(27)} Bb7
{(10)} 5. Bg2 {(10)} Be7 {(4)} 6. O-O {(
00:19)} O-O {(5)} 7. Nc3 {(1:25)} Ne4 {(31)} 8.
Nxe4 {(1:58)} Bxe4 {(18)} 9. Ne1 {(38)} Bxg2 {
(00:49)} 10. Nxg2 {(25)} Re8 {(1:41)} 11. b3 {(
19:11)} c5 {(9:43)} 12. Bb2 {(29)} Bf6 {(15:02)} 13.
Rb1 {(4:29)} d6 {(57)} 14. dxc5 {(3:08)} dxc5 {
(00:29)} 15. Qxd8 {(8:32)} Bxd8 {(2:39)} 16. Rfd1 {
(02:15)} Bc7 {(2:15)} 17. Ne3 {(4:21)} Nc6 {(
32)} 18. Rd7 {(20)} Rac8 {(3)} 19. Rbd1 {(3:10)}
Nb8 {(9)} 20. R7d2 {(9)} Red8 {(1:12)} 21. f4 {
(05:12)} Rxd2 {(34)} 22. Rxd2 {(2:24)} Rd8 {(
00:02)} 23. Rxd8+ {(31)} Bxd8 {(2)} 1/2-1/2

[Event "FIDE World Chess Grand Prix 2017"]
[Site "Sharjah"]
[Date "2017.02.19"]
[Round "2"]
[White "Jakovenko, Dmitry"]
[Black "Grischuk, Alexander"]
[Result "1/2-1/2"]
[ECO "A05"]
[WhiteElo "2709"]
[BlackElo "2742"]
[Annotator ""]
[PlyCount "47"]
[EventDate "2017.??.??"]
[EventType "swiss"]
[EventCountry "UAE"]
[SourceTitle "playchess.com"]
[Source "ChessBase"]
[SourceQuality "1"]
[TimeControl "40/6000+30:20/3000+30:900+30"]

1. Nf3 {()} Nf6 {(28)} 2. c4 {()} g6 {
(00:46)} 3. Nc3 {()} d5 {(27)} 4. cxd5 {(
02:30)} Nxd5 {(12)} 5. Qb3 {(7)} Nb6 {(16)} 6.
d4 {(13)} Bg7 {(45)} 7. Bf4 {(55)} Be6 {(
01:37)} 8. Qa3 {(18)} O-O {(1:19)} 9. e3 {(5:14)}
N8d7 {(50)} 10. Rd1 {(1:12)} c6 {(1:21)} 11. Ng5 {
(02:26)} Bd5 {(1:35)} 12. e4 {(19)} e5 {(1:18]
} 13. dxe5 {(9)} Re8 {(28)} 14. Nf3 {(10:28)} Nxe5
{(1:04)} 15. Bxe5 {(1:37)} Bxe5 {(25)} 16. Nxe5 {
(00:04)} Rxe5 {(5)} 17. Bd3 {(7:45)} Qe7 {(1:
25)} 18. Qxe7 {(2:44)} Rxe7 {(14)} 19. f3 {(10)} f5
{(1:15)} 20. Kf2 {(1:26)} fxe4 {(9)} 21. Bxe4 {
(00:28)} Bxe4 {(47)} 22. Nxe4 {(5)} Nd5 {(
01:02)} 23. Rhe1 {(3:00)} Kg7 {(38)} 24. a3 {(1:12)}
1/2-1/2

[Event "FIDE World Chess Grand Prix 2017"]
[Site "Sharjah"]
[Date "2017.02.19"]
[Round "2"]
[White "Li, Chao b"]
[Black "Hou, Yifan"]
[Result "1/2-1/2"]
[ECO "D35"]
[WhiteElo "2720"]
[BlackElo "2651"]
[Annotator ""]
[PlyCount "190"]
[EventDate "2017.??.??"]
[EventType "swiss"]
[EventCountry "UAE"]
[SourceTitle "playchess.com"]
[Source "ChessBase"]
[SourceQuality "1"]
[TimeControl "40/6000+30:20/3000+30:900+30"]

1. d4 {()} d5 {(25)} 2. c4 {(7)} e6 {(
00:06)} 3. Nc3 {(1:01)} Nf6 {(39)} 4. cxd5 {(1:47)}
exd5 {(7)} 5. Bg5 {(14)} Be7 {(19)} 6. e3 {
(00:26)} h6 {(3:20)} 7. Bh4 {(4:01)} c6 {(2:22)}
8. Bd3 {(14)} O-O {(18)} 9. Nf3 {(43)} Ne4 {
(16:36)} 10. Bg3 {(15:14)} Bf5 11. Qc2 Bb4 12. O-O Nxg3 13. hxg3
Bxd3 14. Qxd3 Nd7 15. g4 Re8 16. g3 Bxc3 17. bxc3 Nf6 18. g5 hxg5 19. Nxg5 Qd7
20. Kg2 Qg4 21. Nf3 Qe4 22. Qe2 Nh7 23. Rh1 Ng5 24. a4 f6 25. Rh4 Qxf3+ 26.
Qxf3 Nxf3 27. Kxf3 Kf7 28. Rhh1 Rac8 29. Ke2 Ke6 30. Rhb1 Re7 31. a5 Kd6 32.
Ra3 Rb8 33. Kd3 Rc8 34. Rab3 Rcc7 35. Rh1 Rc8 36. g4 c5 37. Rb5 Rec7 38. Ke2
cxd4 39. cxd4 Rc2+ 40. Kf3 Kc6 41. Rb3 Rd8 42. Kg3 Rc4 43. Kf4 Rd7 44. Kf5 Rc2
45. f4 Kd6 46. Rh8 Ke7 47. Rb8 Kf7 48. g5 g6+ 49. Kg4 f5+ 50. Kf3 Rcc7 51. Ra8
b6 52. axb6 Rb7 53. Rxa7 Rxa7 54. bxa7 Rxa7 55. Rb5 Rd7 56. Rb6 Ra7 57. Rf6+
Kg7 58. Rd6 Ra5 59. Rc6 Ra7 60. Ke2 Kf7 61. Kd3 Ra3+ 62. Rc3 Ra7 63. Rc5 Ke6
64. Kc2 Ra3 65. Rc3 Ra7 66. Rc6+ Kf7 67. Rf6+ Kg7 68. Rd6 Ra3 69. Kd2 Ra2+ 70.
Kc3 Ra3+ 71. Kb4 Rxe3 72. Kc5 Re4 73. Kxd5 Rxf4 74. Rd7+ Kf8 75. Rd6 Kf7 76.
Kc6 Rg4 77. Rf6+ Ke7 78. d5 Rc4+ 79. Kb5 Rc1 80. Rxg6 f4 81. Re6+ Kd7 82. Rf6
Rg1 83. Kc5 Rxg5 84. Rf7+ Ke8 85. Rxf4 Rg6 86. Ra4 Kd7 87. Ra7+ Kd8 88. Rb7 Rh6
89. Rg7 Rf6 90. Kd4 Rh6 91. Rf7 Ke8 92. Ra7 Kd8 93. Kc5 Rg6 94. Rf7 Rh6 95. Rg7
Rf6 1/2-1/2